 Dungeon Crawl Stone Soup version 0.28.0-47-ge53b351184 (webtiles) character file.

Game seed: 13070012494070201592

90 enile the Gusty (level 4, -8/26 HPs)
             Began as a Tengu Air Elementalist on May 6, 2022.
             Was a Follower of Ru.
             Killed by divine providence
             ... invoked by an orc priest
              (16 damage)
             ... on level 3 of the Dungeon.
             The game lasted 00:04:15 (2428 turns).

enile the Gusty (Tengu Air Elementalist)            Turns: 2428, Time: 00:04:16

Health: -8/26      AC:  1    Str: 17    XL:     4   Next: 56%
Magic:  5/8        EV: 13    Int: 18    God:    Ru [*.....]
Gold:   45         SH:  0    Dex: 14    Spells: 4/7 levels left

rFire   . . .      SeeInvis .   j - +4 dagger "Jellyslayer" {vorpal, *Slow Will+++ Str+9}
rCold   . . .      Faith    .   (no shield)
rNeg    . . .      Spirit   .   a - +0 robe
rPois   .          Reflect  .   (helmet restricted)
rElec   .          Harm     .   (no cloak)
rCorr   .          Rampage  .   (no gloves)
Will    +++..                   (boots unavailable)
Stlth   ++........              (no amulet)
HPRegen 0.08/turn               e - +4 ring of protection
MPRegen 0.11/turn               (no ring)

@: very slightly contaminated
A: beak, talons 3, reduced AC 1
a: Renounce Religion


You were on level 3 of the Dungeon.
You worshipped Ru.
Ru was aware of your devotion.
You visited 1 branch of the dungeon, and saw 3 of its levels.

You collected 45 gold pieces.

Inventory:

Hand Weapons
 b - a +0 short sword
 j - the +4 dagger "Jellyslayer" (weapon) {vorpal, *Slow Will+++ Str+9}
   (You found it on level 2 of the Dungeon)

   It inflicts extra damage upon your enemies.
   Str:       It affects your strength (+9).
   *Slow:     It may slow you when you take damage.
   Will:      It greatly increases your willpower.
 n - a +1 dagger of venom
Armour
 a - a +0 robe (worn)
Jewellery
 e - a +4 ring of protection (left hand)
Scrolls
 g - 2 scrolls of fog
 i - a scroll of magic mapping
 k - a scroll of vulnerability
 l - a scroll of blinking
 m - a scroll of teleportation {unknown}
 o - a scroll of silence {unknown}
 p - a scroll of torment {unknown}
Potions
 c - a potion of mutation {unknown}
 d - a potion of flight {unknown}
 f - a potion of curing {unknown}


   Skills:
 - Level 2.0 Fighting
 - Level 2.0 Short Blades
 - Level 3.0 Dodging
 + Level 2.5 Stealth
 - Level 2.1 Spellcasting
 - Level 1.7 Conjurations
 - Level 4.2 Air Magic


You had 4 spell levels left.
You knew the following spells:

 Your Spells              Type           Power      Damage    Failure   Level
a - Shock                 Conj/Air       48%        1d6       5%          1
b - Static Discharge      Conj/Air       12%        N/A       8%          2

Your spell library contained the following spells:

 Spells                   Type           Power      Damage    Failure   Level
 Swiftness                Air            17%        N/A       10%         3
 Animate Skeleton         Necr           2%         N/A       19%         1
 Apportation              Tloc           2%         N/A       19%         1
 Summon Small Mammal      Summ           4%         N/A       19%         1
 Airstrike                Air            8%         N/A       30%         4


Dungeon Overview and Level Annotations

Branches:
Dungeon (3/15)

Altars:
Ru

Shops:
D:1 !*[*[


Innate Abilities, Weirdness & Mutations

You have a beak for a mouth.
You have claws for feet.
You take slightly more damage. (AC -5)


Message History

(D) Dungeon
Where to? (Enter - D:2, ? - help)
There is a stone staircase leading down here.
You climb downwards.
You hear the sound of rushing water.
There is an entrance to a sewer on this level.
Hurry and find it before the portal rusts away!
There is a stone staircase leading up here.
An orc comes into view. It is wielding a +0 short sword.
The orc shouts!
You hear a shout! x2
An orc priest comes into view. It is wielding a +0 club.
You closely miss the orc. Your kick misses the orc. You peck the orc.
The orc is severely wounded.
You closely miss the orc. Your kick misses the orc.
The orc is severely wounded.
An orc comes into view. It is wielding a +0 flail.
The orc hits you with a +0 short sword.
You hit the orc.
You kill the orc!
The orc priest mumbles some strange prayers to Beogh against you.
Beogh smites you!
You hear an angry hiss.
There is a stone staircase leading up here.
Casting: Shock (safe; 5% risk of failure)
Confirm with . or Enter, or press ? or * to list all spells.
Aiming: Shock (safe; 5% risk of failure)
Press: ? - help, Shift-Dir - straight line You miscast Shock.
You are very lightly contaminated with residual magic.
Nothing appears to happen.
The orc hits you with a +0 flail.
Casting: Shock (safe; 5% risk of failure)
Confirm with . or Enter, or press ? or * to list all spells.
The orc is struck by an arc of lightning.
You kill the orc!
Something is struck by an arc of lightning.
The lightning grounds out.
The orc priest hits you with a +0 club.
The orc priest invokes the aid of Beogh against you.
Beogh smites you!
Ouch! That really hurt!
You die...

###
#.. #
#.# .#
#.# o
#.# .#
#.##o#
#@#).#
#.o#
#.#..#
#.#..#
#.#..#
#.#.##
#....
###.#
.#


You could see an orc priest.

Vanquished Creatures
  2 adders (D:2)
  2 worms (D:2)
  3 dart slugs (D:1)
  2 orcs (D:3)
  5 bats
  3 endoplasms (D:1)
  A giant cockroach (D:1)
  6 goblins
  3 hobgoblins (D:2)
  4 quokkas
  6 ball pythons
  5 frilled lizards
  8 kobolds
  6 rats (D:2)
56 creatures vanquished.

Notes
Turn   | Place    | Note
-------+----------+-------------------------------------------
     0 | D:1      | enile the Tengu Air Elementalist began the quest for the
                  | Orb.
     0 | D:1      | Reached XP level 1. HP: 10/10 MP: 4/4
   163 | D:1      | Reached XP level 2. HP: 10/15 MP: 1/6
   259 | D:1      | Found Taisoguk's Assorted Antiques.
   260 | D:1      | Found Edwoskurgh's Antique Armour Shoppe.
   337 | D:1      | Learned a level 2 spell: Static Discharge
   501 | D:1      | Reached skill level 1 in Fighting
   637 | D:1      | Found Beserr's Distillery.
   712 | D:1      | Reached XP level 3. HP: 20/20 MP: 5/7
   777 | D:1      | Found Maizal's General Store.
   801 | D:1      | Found Ledod's Antique Armour Emporium.
  1056 | D:2      | Identified the +4 dagger "Jellyslayer" {vorpal, *Slow
                  | Will+++ Str+9}
  1537 | D:2      | Reached skill level 1 in Short Blades
  1937 | D:2      | Reached XP level 4. HP: 21/26 MP: 2/8
  2129 | D:2      | Found a faded altar of an unknown god.
  2142 | D:2      | Prayed at the altar of an unknown god.
  2142 | D:2      | Became a worshipper of Ru the Awakened
  2145 | D:2      | Gained mutation: You take slightly more damage. (AC -5) [Ru
                  | sacrifice]
  2145 | D:2      | Reached * piety under Ru
  2428 | D:3      | Killed from afar by an orc priest

Illustrated notes

Levels and vault maps discovered:
D:1:      lemuel_arrival_lava_pool, layout_rooms, serial_shops, shop, shop,
          nicolae_shop_waterfront, shop, shop
D:2:      minmay_skewed_foursquare, layout_rooms,
          ebering_ecumenical_altar_abandoned
D:3:      layout_loops_ring, mainiacjoe_overflow_big_doors,
          overflow_temple_1_default, lightli_sewer_entry_pipes,
          gammafunk_ghost_stat_death

Skill      XL: |  1  2  3  4 |
---------------+-------------+-----
Fighting       | 1 2 |  2.0
Short Blades   | 2 |  2.0
Dodging        | 3 |  3.0
Stealth        | |  2.5
Spellcasting   | |  2.1
Conjurations   | |  1.7
Air Magic      | |  4.2

Action                   |  1- 3 |  4- 6 || total
-------------------------+-------+-------++-------
Melee: Unarmed           |     4 |       ||     4
       Short sword       |     7 |       ||     7
       Peck              |     4 |     1 ||     5
       Kick              |     5 |       ||     5
       Dagger            |     8 |     7 ||    15
 Cast: Shock             |    61 |    14 ||    75
       Static Discharge  |     4 |     2 ||     6
Invok: Sacrifice Health  |       |     1 ||     1
  Use: Scroll            |       |     4 ||     4
 Stab: Sleeping          |     1 |       ||     1
Armor: Robe              |     4 |       ||     4
Dodge: Dodged            |    12 |     1 ||    13
